 Dungeon Crawl Stone Soup version 0.18.1-6-gd335043 (webtiles) character file.

1514 sqallbeste the Chopper (level 8, -14/64 HPs)
             Began as a Mummy Gladiator on May 14, 2016.
             Was a Follower of Okawaru.
             Demolished by an orc warrior
             ... wielding a +0 scimitar
              (18 damage)
             ... on level 7 of the Dungeon on May 15, 2016.
             The game lasted 00:15:39 (7427 turns).

sqallbeste the Chopper (Mummy Gladiator)            Turns: 7427, Time: 00:15:41

Health: -14/64     AC: 16    Str: 20    XL:     8   Next: 53%
Magic:  7/8        EV: 11    Int:  8    God:    Okawaru [*.....]
Gold:   279        SH:  0    Dex: 12    Spells: 0 memorised, 7 levels left

rFire  x . .     SeeInvis .     p - +0 battleaxe
rCold  + . .     Gourm    .     o - +0 chain mail
rNeg   + + +     Faith    .     (shield currently unavailable)
rPois  ∞         Spirit   .     c - +0 helmet
rElec  .         Dismiss  .     e - +0 cloak
rCorr  .         Reflect  .     u - +0 pair of gloves (curse)
SustAt .         Harm     .     (no boots)
MR     +....                    m - amulet of magic regeneration
Stlth  ..........               (no ring)
                                (no ring)

@: heroism, somewhat resistant to hostile enchantments, extremely unstealthy
A: no food or potions, fire vulnerability, cold resistance 1, negative energy
resistance 3, torment resistance, unbreathing
a: Heroism, Renounce Religion


You were on level 7 of the Dungeon.
You worshipped Okawaru.
Okawaru was aware of your devotion.
You were not hungry.

You visited 2 branches of the dungeon, and saw 8 of its levels.
You also visited: Sewer.

You collected 279 gold pieces.

Inventory:

Hand Weapons
 p - a +0 battleaxe (weapon)
 t - a +2 long sword of holy wrath
Missiles
 d - 3 throwing nets (quivered)
Armour
 c - a +0 helmet (worn)
 e - a +0 cloak (worn)
 o - a +0 chain mail (worn)
 u - a cursed +0 pair of gloves (worn)
Magical Staves
 n - an uncursed staff of death
Jewellery
 m - an amulet of magic regeneration (around neck)
Wands
 a - a wand of enslavement (6/24)
 f - a wand of slowing (12/48)
 r - a wand of disintegration (6/24)
 s - a wand of enslavement (6/24)
Scrolls
 b - 2 scrolls of fog
 g - a scroll of amnesia
 h - 2 scrolls of noise
 i - 3 scrolls of remove curse
 j - 4 scrolls of teleportation
 k - a scroll of magic mapping
 l - 3 scrolls of recharging
 q - a scroll of immolation


   Skills:
 + Level 5.7(10.7) Fighting
 + Level 6.0(11.0) Axes
 - Level 1.5(6.5) Throwing
 + Level 5.2(10.2) Armour
 - Level 2.4(7.4) Dodging


You had 7 spell levels left.
You didn't know any spells.

Dungeon Overview and Level Annotations

Branches:
Dungeon (7/15)             Temple (1/1) D:4

Altars:
Ashenzari
Cheibriados
Fedhas
Gozag
Kikubaaqudgha
Nemelex Xobeh
Okawaru
Pakellas
Qazlal
Ru
Sif Muna
Trog
Vehumet
Xom
Yredelemnul
Zin
The Shining One

Annotations:
D:3 stepppan's ghost, amateur TrMo
D:5 Menkaure


Innate Abilities, Weirdness & Mutations

You do not eat or drink.
Your flesh is vulnerable to fire.
You are immune to poison.
Your flesh is cold resistant.
You are immune to negative energy.
You are immune to unholy pain and torment.
You can survive without breathing.


Message History

You slash the orc warrior!
The orc warrior is almost dead.
The orc priest barely misses you.
The orc warrior hits you with a scimitar.
* * * LOW HITPOINT WARNING * * *
You barely miss the orc priest.
The orc priest is heavily wounded.
You closely miss the orc warrior.
The orc warrior is almost dead.
The orc priest calls upon Beogh to heal the orc warrior.
The orc warrior is healed somewhat.
The orc warrior hits you with a scimitar!
* * * LOW HITPOINT WARNING * * *
You barely miss the orc priest.
The orc priest is heavily wounded.
You barely miss the orc warrior.
The orc warrior is severely wounded.
The orc priest hits you but does no damage.
The orc warrior hits you with a scimitar!!
You die...

.#....## .....#
.#.....## .....#
.##.....## ....#
###......# ....# #
#......# ....# #
#.....#########...#
####...##...........#
...................##
................@o.#
#################o##
o# .# ##


You could see an orc warrior, an orc priest and an orc.

Vanquished Creatures
  An ice beast (D:6)
  2 ogres
  2 centaurs
  3 giant frogs
  2 scorpions
  A howler monkey (D:6)
  3 hounds
  2 jellies (D:7)
  A giant frog skeleton (D:7)
  An orc priest (D:6)
  Crazy Yiuf (D:3)
  5 worker ants
  A hound skeleton (D:7)
  A worker ant zombie (D:7)
  3 gnolls (D:4)
  19 adders
  2 river rats (Sewer)
  An ooze (D:5)
  2 worms
  4 dart slugs
  6 giant geckos
  13 orcs
  5 giant cockroaches
  15 goblins
  5 hobgoblins
  4 jackals
  7 kobolds
  3 quokkas
  12 ball pythons
  8 bats
  7 giant newts
  A jackal zombie (D:5)
  A quokka skeleton (D:5)
  34 rats
178 creatures vanquished.

Notes
Turn   | Place    | Note
--------------------------------------------------------------
     0 | D:1      | sqallbeste the Mummy Gladiator began the quest for the Orb.
     0 | D:1      | Reached XP level 1. HP: 16/16 MP: 1/1
   139 | D:1      | Reached XP level 2. HP: 22/22 MP: 2/2
   274 | D:1      | Reached skill level 3 in Axes
   684 | D:2      | Reached XP level 3. HP: 24/28 MP: 3/3
   914 | D:2      | Reached skill level 1 in Armour
  1398 | D:2      | Found a faded altar to an unknown god.
  1498 | D:2      | Reached XP level 4. HP: 29/34 MP: 4/4
  1605 | D:3      | Noticed stepppan's ghost (amateur TrMo)
  2007 | D:3      | Noticed Crazy Yiuf
  2015 | D:3      | Killed Crazy Yiuf
  2015 | D:3      | Reached XP level 5. HP: 29/41 MP: 5/5
  2039 | D:3      | Found a stormy altar of Qazlal.
  2521 | D:4      | Reached skill level 4 in Axes
  2880 | D:4      | Noticed an ogre
  2993 | D:4      | Reached XP level 6. HP: 20/47 MP: 6/6
  3255 | D:4      | Found a staircase to the Ecumenical Temple.
  3262 | Temple   | Entered the Ecumenical Temple
  3323 | Temple   | Became a worshipper of Warmaster Okawaru
  4103 | D:5      | Entered Level 5 of the Dungeon
  4273 | D:5      | Got a slimy leather armour
  4284 | D:5      | Identified the +1 leather armour of the Volcano {Stlth+} (You found it on level 5 of the Dungeon)
  4895 | D:5      | Reached XP level 7. HP: 46/54 MP: 7/7
  4910 | D:5      | Noticed Menkaure
  5256 | D:6      | Found a glowing drain.
  5296 | Sewer    | Entered a sewer
  5620 | Sewer    | Reached skill level 5 in Axes
  6051 | D:6      | Reached * piety under Okawaru
  6068 | D:6      | Found an oddly glowing altar of Pakellas.
  6307 | D:6      | Reached skill level 5 in Fighting
  6464 | D:6      | Reached XP level 8. HP: 47/62 MP: 8/8
  6535 | D:6      | Upgraded the game from 0.18.1-5-g4a78601 to 0.18.1-6-gd335043
  6809 | D:7      | Reached skill level 5 in Armour
  6890 | D:7      | Found a glowing golden altar of the Shining One.
  7163 | D:7      | Reached skill level 6 in Axes
  7427 | D:7      | Demolished by an orc warrior

Skill      XL: |  1  2  3  4  5  6  7  8 |
---------------+-------------------------+-----
Axes           | 3 4 5 6 |  6.0
Armour         | 1 2 3 4 5 |  5.2
Fighting       | 3 4 5 |  5.7
Throwing       | |  1.5
Dodging        | |  2.4

Action                   |  1- 3 |  4- 6 |  7- 9 || total
-------------------------+-------+-------+-------++-------
Melee: War axe           |   128 |    15 |       ||   143
       Battleaxe         |       |   246 |   283 ||   529
Invok: Heroism           |       |       |     1 ||     1
  Use: Scroll            |       |     7 |     5 ||    12
Armor: Ring mail         |    61 |    10 |       ||    71
       Leather armour    |     1 |       |       ||     1
       Chain mail        |       |   199 |   340 ||   539
Dodge: Dodged            |   105 |   155 |   196 ||   456
